Map: Orbital Shipyard

Players

LilDicky

  • Race: Terran Terran
  • League: Diamond

IIIIIIIIIIII - Winner!

  • Race: Terran Terran
  • League: Diamond

VOD

http://www.twitch.tv/tumescentpie

Description

Time

  • Played on: Dec. 3, 2015, 2:28 p.m.
  • Length: 6:41
Show
View Real Time Build Order
Export as new Build Order

LilDicky Terran 

Build Orders: Banshee Rush 

Get SALT Encoding   

  12  0:02  SCV  
  13  0:14  SCV  
  13  0:18  Supply Depot  
  14  0:27  SCV  
  15  0:30  Refinery  
  15  0:40  SCV  
  16  0:45  Barracks  
  16  0:52  SCV  
  17  1:04  SCV  
  18  1:16  SCV  
  19  1:32  Reaper  
  21  1:36  Supply Depot, Orbital Command  
  20  1:47  Refinery  
  20  1:55  Bunker  
  20  2:06  Marine  
  21  2:11  SCV  
  21  2:12  Factory  
  22  2:23  Marine  
  22  2:24  SCV  
  24  2:42  Marine  
  25  2:48  SCV  
  26  2:52  Supply Depot  
  26  2:54  Command Center  
  26  2:58  Starport  
  26  2:59  Factory Tech Lab  
  26  3:02  SCV  
  27  3:11  Marine  
  27  3:15  SCV  
  28  3:28  SCV  
  28  3:29  Marine  
  28  3:32  Engineering Bay  
  30  3:40  Banshee  
  35  3:42  Cloaking Field  
  35  3:46  Widow Mine  
  35  3:47  SCV  
  36  3:53  Supply Depot  
  36  4:04  Missile Turret  
  36  4:05  SCV, Marine  
  38  4:10  Orbital Command  
  38  4:15  Missile Turret  
  38  4:26  Banshee  
  38  4:30  Factory Tech Lab  
  38  4:31  SCV, Marine  
  42  4:43  SCV  
  43  4:48  Cyclone  
  43  4:52  Marine  
  47  5:04  Supply Depot  
  47  5:05  Supply Depot  
  36  5:55  SCV  
  36  5:56  Viking  
  39  5:59  Supply Depot  
  37  6:04  Barracks  
  37  6:05  Barracks  
  37  6:09  Barracks  
Show
View Real Time Build Order
Export as new Build Order

IIIIIIIIIIII Terran - Winner!

Build Orders: 1/1/1, Liberator Opening 

Get SALT Encoding   

  12  0:01  SCV  
  13  0:13  SCV  
  14  0:18  Supply Depot  
  14  0:26  Refinery  
  14  0:27  SCV  
  15  0:42  Barracks  
  15  0:47  Refinery  
  15  0:51  SCV  
  16  1:03  SCV  
  17  1:09  Supply Depot  
  17  1:15  SCV  
  18  1:27  SCV  
  18  1:30  Marine  
  20  1:40  Factory  
  20  1:44  SCV  
  21  1:54  Marine  
  23  2:04  Orbital Command  
  22  2:12  Marine  
  23  2:27  Starport  
  23  2:28  Factory Tech Lab  
  23  2:30  SCV, Marine  
  25  2:45  SCV  
  25  2:48  Siege Tank, Marine  
  30  3:00  Supply Depot  
  30  3:04  Liberator  
  30  3:08  Barracks Reactor  
  30  3:16  Supply Depot  
  30  3:19  Engineering Bay  
  30  3:26  Siege Tank  
  36  3:38  SCV  
  37  3:47  Missile Turret  
  37  3:56  Marine x2  
  39  4:03  Siege Tank  
  39  4:08  Missile Turret, Liberator  
  42  4:10  Supply Depot  
  42  4:14  Marine x2  
  47  4:32  Marine x2  
  49  4:49  Marine x2  
  51  4:58  Missile Turret  
  51  5:03  Missile Turret  
  51  5:04  SCV  
  52  5:07  Marine x2  
  54  5:16  SCV  
  55  5:25  Marine x2  
  48  5:43  Marine x2  
  50  6:01  Marine x2  
  49  6:18  Command Center  
  49  6:19  Barracks, Marine x2  
  49  6:20  Supply Depot  
Tags
 
Add a new tag
Caveats
  • Supply blocks, unpowered buildings, or Contaminate may cause inaccurate times.
  • Supply counts are checked every 10 seconds.